AoeStats
← Reis

Black Forest

509878987Analyzed
4v4 RM · 5d ago on Sep 28, 2026· 17m 16s· 8 players
Game mode
Random Map
Map size
Large (8 player)
Population
200
Speed
Normal
Resources
Standard
Victory
Conquest
Starting age
Dark Age
Ending age
Imperial Age
RankedLock teamsTeams togetherTeam positionsShared explorationLock speedFull tech treeHidden civsTurbo modeCheats
Victory
Defeat
🇻🇳 Mongols · Vietnam
1357
+13
🇨🇳 Lithuanians · China
1321
+15
🇨🇳 Jurchens · China
1315
+15
🇻🇳 Saracens · Vietnam
1275
+17
🇵🇰 Britons · Pakistan
1325
-16
🇹🇼 Turks · Taiwan
1294
-15
🇨🇭 Persians · Switzerland
1292
-15
🇭🇰 Cumans · Hong Kong SAR China
1265
-14
Reis
10:45 Feudal Age
15:06 Castle Age
13:58 Loom
coys
0:48 Loom
11:35 Feudal Age
Able 867
11:42 Feudal Age
12:19 Fishing Lines
12:30 Double-Bit Axe
糧草徵收人
0:25 Loom
13:46 Feudal Age
18:07 Castle Age
16:15 Double-Bit Axe
16:52 Gold Mining
fay
0:38 Loom
15:40 Feudal Age
茉莉花茶
6:05 Loom
11:04 Feudal Age
12:36 Double-Bit Axe
15:22 Castle Age
13:34 Horse Collar
17:13 Forging
17:41 Heavy Plow
MOON_CAT2025
8:10 Feudal Age
10:56 Fletching
13:34 Padded Archer Armor
13:20 Loom
15:15 Double-Bit Axe
16:51 Horse Collar
Gạo
2:41 Loom
11:38 Feudal Age
16:26 Castle Age
17:34 Double-Bit Axe
17:31 Horse Collar
Connection lost

Rejoining the realm…

Still unreachable

The connection could not be restored.

Session expired

The server has moved on; the page needs a fresh start.